 Dungeon Crawl Stone Soup version 0.29.1-1-gd02db6906a (webtiles) character file.

Game seed: 5151091456658438289

138089 MisterFreud the Impaler (level 17, 0/142 HPs)
             Began as a Formicid Gladiator on Oct 7, 2022.
             Was the Champion of Yredelemnul.
             Slain by a salamander
             ... wielding a +3 halberd of venom
              (4 damage)
             ... on level 2 of the Snake Pit.
             The game lasted 00:50:49 (32072 turns).

MisterFreud the Impaler (Formicid Gladiator)       Turns: 32072, Time: 00:50:49

Health: 0/142      AC: 26    Str: 25    XL:     17   Next: 85%
Magic:  0/33       EV: 13    Int: 10    God:    Yredelemnul [******]
Gold:   1786       SH: 14    Dex: 19    Spells: 16/16 levels left

rFire   . . .      SeeInvis +   E - +5 glaive of the Guard {elec, spectral, AC+5}
rCold   . . .      Faith    .   r - +0 kite shield {reflect}
rNeg    + . .      Spirit   +   y - +7 chain mail of Freedom {Rampage rCorr}
rPois   +          Reflect  +   (helmet unavailable)
rElec   .          Harm     .   (no cloak)
rCorr   +          Rampage  +   (no gloves)
Will    +....                   G - +1 pair of boots {Stlth+}
Stlth   +.........              w - amulet of guardian spirit
HPRegen 0.33/turn               N - ring of Mistrust {rPois rN+ MP+9 Str+4}
MPRegen 0.23/turn               M - +4 ring of evasion

@: no status effects
A: permanent stasis, dig shafts and tunnels, antennae 3, four strong arms
a: Dig, Shaft Self, Renounce Religion, Recall Undead Harvest, Dark Bargain,
Drain Life, Bind Soul


You were on level 2 of the Snake Pit.
You worshipped Yredelemnul.
Yredelemnul was aware of your devotion.
You visited 5 branches of the dungeon, and saw 25 of its levels.

You collected 2388 gold pieces.
You spent 602 gold pieces at shops.

Inventory:

Hand Weapons
 E - the +5 glaive of the Guard (weapon) {elec, spectral, AC+5}
   (You found it on level 6 of the Dungeon)

   It occasionally discharges a powerful burst of electricity upon striking a
   foe.
   When it strikes, its spirit leaps out and fights alongside the wielder.
   AC:        It affects your AC (+5).
Missiles
 c - a throwing net
 d - 11 javelins
 h - 2 boomerangs of dispersal
 k - 9 atropa-tipped darts
 q - 44 poisoned darts (quivered)
 D - 14 boomerangs
Armour
 f - the +1 swamp dragon scales of Ekahu {rPois rN+ rCorr MP+9 Str+2}
   (You found it on level 14 of the Dungeon)

   Str:       It affects your strength (+2).
   rPois:     It protects you from poison.
   rN:        It protects you from negative energy.
   MP:        It affects your magic capacity (+9).
   rCorr:     It protects you from acid and corrosion.
 r - a +0 kite shield of reflection (worn)
 y - the +7 chain mail of Freedom (worn) {Rampage rCorr}
   (You found it on level 2 of the Snake Pit)

   rCorr:     It protects you from acid and corrosion.
   Rampage:   It bestows one free step when moving towards enemies.
 G - a +1 pair of boots of stealth (worn)
Jewellery
 b - a ring of protection from fire
 j - a ring of positive energy
 m - a ring of poison resistance
 n - a ring of protection from cold
 o - a ring of protection from fire
 w - an amulet of guardian spirit (around neck)
 J - a ring of fire
 M - a +4 ring of evasion (right hand)
 N - the ring of Mistrust (left hand) {rPois rN+ MP+9 Str+4}
   (You found it on level 1 of the Lair of Beasts)

   [ring of positive energy]

   Str:       It affects your strength (+4).
   rPois:     It protects you from poison.
   rN:        It protects you from negative energy.
   MP:        It affects your magic capacity (+9).
 T - an amulet of magic regeneration
 Z - a ring of flight
Wands
 u - a wand of light (15)
 A - a wand of flame (98)
 C - a wand of iceblast (25)
 H - a wand of paralysis (11)
 S - a wand of digging (12)
Scrolls
 p - 5 scrolls of magic mapping
 x - a scroll of enchant armour
 F - 18 scrolls of identify
 I - a scroll of silence
 K - 5 scrolls of enchant weapon
 P - 5 scrolls of amnesia
 R - a scroll of fear
 V - 5 scrolls of fog
 X - 2 scrolls of poison
Potions
 e - a potion of cancellation
 g - 6 potions of mutation
 i - a potion of resistance
 l - 11 potions of attraction
 s - 3 potions of magic
 t - 3 potions of lignification
 v - 4 potions of might
 z - 8 potions of heal wounds
 B - 11 potions of curing
 L - 2 potions of ambrosia
 O - 2 potions of flight
 Q - 3 potions of brilliance
 W - 2 potions of invisibility
Miscellaneous
 a - a phial of floods
 U - a tin of tremorstones (2/2)


   Skills:
 - Level 15.0 Fighting
 + Level 17.1(18.1) Polearms
 - Level 9.9(14.6) Staves
 - Level 5.0 Throwing
 + Level 10.2 Armour
 - Level 2.6 Dodging
 - Level 5.0 Stealth
 - Level 15.0 Shields
 - Level 10.0 Invocations
 - Level 10.0 Evocations


You had 16 spell levels left.
You didn't know any spells.
Your spell library contained the following spells:

 Spells                   Type           Power      Damage    Failure   Level
 Beastly Appendage        Tmut           0%         N/A       96%         1
 Magic Dart               Conj           0%         1d3       96%         1
 Necrotise                Necr           0%         1d4       96%         1
 Call Imp                 Summ           0%         N/A       99%         2
 Passwall                 Tmut/Erth      0%         N/A       99%         2
 Scorch                   Fire           0%         2d5       99%         2
 Wereblood                Tmut           0%         N/A       99%         2
 Ignite Poison            Fire/Tmut/Pois 0%         N/A       100%        3
 Lesser Beckoning         Tloc           0%         N/A       100%        3
 Mephitic Cloud           Conj/Pois/Air  0%         N/A       100%        3
 Ozocubu's Armour         Ice            0%         N/A       100%        3
 Spider Form              Tmut/Pois      0%         N/A       100%        3
 Stone Arrow              Conj/Erth      0%         3d7       100%        3
 Vampiric Draining        Necr           0%         2d6       100%        3
 Flame Wave               Conj/Fire      0%         2d4       100%        4
 Petrify                  Tmut/Erth      0%         N/A       100%        4
 Agony                    Necr           0%         N/A       100%        5
 Blade Hands              Tmut           0%         N/A       100%        5
 Irradiate                Conj/Tmut      0%         3d11      100%        5
 Manifold Assault         Tloc           0%         N/A       100%        5
 Metabolic Englaciation   Hex/Ice        0%         N/A       100%        5
 Iron Shot                Conj/Erth      0%         9d1       100%        6
 Statue Form              Tmut/Erth      0%         N/A       100%        6
 Summon Cactus Giant      Summ           0%         N/A       100%        6
 Dragon Form              Tmut           0%         N/A       100%        7
 Ozocubu's Refrigeration  Ice            0%         4d7       100%        7
 Blink                    Tloc           Unusable   N/A       N/A         2
 Simulacrum               Ice/Necr       Unusable   N/A       N/A         6

Dungeon Overview and Level Annotations

Branches:
Dungeon (15/15)            Temple (1/1) D:6            Lair (5/5) D:10
 Shoals (0/4) Lair:3        Snake (2/4) Lair:2        Slime (0/5) Lair:5
    Orc (2/2) D:12            Elf (0/3) Orc:2        Vaults (0/5) D:14
 Depths (0/4) D:15

Altars:
Ashenzari
Cheibriados
Dithmenos
Elyvilon
Fedhas
Gozag
Hepliaklqana
Kikubaaqudgha
Makhleb
Nemelex Xobeh
Okawaru
Qazlal
Ru
Sif Muna
Trog
Uskayaw
Vehumet
Wu Jian
Xom
Yredelemnul
Zin
The Shining One
Lugonu

Shops:
D:7 *   D:9 !(   D:14 !   Orc:2 :?=[   Snake:1 [   Snake:2 (

Portals:
Trove: D:14 (give horn of Geryon)

Annotations:
D:4 Eustachio
Lair:5 exclusion: 3 oklob plants


Innate Abilities, Weirdness & Mutations

You cannot be hasted, slowed, berserked, paralysed or teleported.
You can dig through walls and to a lower floor.
You have a pair of large antennae on your head. (SInv)
Your four strong arms can wield two-handed weapons with a shield.


Message History

The salamander barely misses you.
The naga sharpshooter casts a spell.
The naga sharpshooter magically shoots an arrow.
You reflect the arrow off your +0 kite shield of reflection!
A salamander mystic comes into view. It is wielding a +0 scimitar.
You are too injured to fight recklessly!
Unknown command.
You are too injured to fight recklessly!
You swap places.
The salamander hits you but does no damage.
The naga sharpshooter mumbles some strange words.
The naga sharpshooter magically shoots an arrow.
You reflect the arrow off your +0 kite shield of reflection!
Your salamander zombie completely misses the salamander.
You block the salamander's attack.
Rupert hits the salamander with a +1 great sword of draining!
The salamander dies!
The dead are walking!
The salamander mystic moves out of view.
The naga sharpshooter casts a spell.
The naga sharpshooter magically shoots an arrow.
The arrow hits you!
The naga sharpshooter gestures wildly while chanting.
The naga sharpshooter magically shoots an arrow.
The arrow hits you.
The salamander mystic gestures at Rupert while chanting.
The bolt of magma hits Rupert!!
The bolt of magma hits you!!
* * * LOW HITPOINT WARNING * * *
The salamander mystic resists with some effort.
You see here a +3 trident.
The salamander hits you with a +3 halberd of venom.
* * * LOW HITPOINT WARNING * * *
You are engulfed in flames!
* * * LOW HITPOINT WARNING * * *
Your salamander zombie barely misses the salamander.
Your salamander zombie hits the salamander mystic but does no damage.
The salamander completely misses your salamander zombie.
The salamander hits you with a +3 halberd of venom.
You die...
Your body rises from the dead as a mindless zombie.

#. #. # ###.#####
##.#....... ..#
#......... ...##
#........# .....#
.......ZZ##.....#
.....NNN@.#...#.. #.
###≈≈.Z##)#....####.
..≈≈.NN.#ZZ......##. ####
§..N.≈≈.≈ZZ.......#.##...
######≈.§§.^.!....##....#
#§N§...))....#.....#
≈≈.#.≈≈)).)..))........
≈≈.≈.≈≈).......##......
..§≈.§≈......)###.)....


You could see a naga sharpshooter (fast), a salamander mystic (ally target), 3
salamanders, the friendly Rupert the bound human, 5 friendly salamander zombies
and a friendly salamander tyrant zombie.

Vanquished Creatures
  A tengu reaver (D:13)
  A fire giant (D:14)
  An orc warlord (Orc:2)
  A very ugly thing (D:15)
  Nessos (Lair:5)
  The ghost of Nicoed the Severer, a journeyman MiFi of Okawaru (D:13)
  Snorg (D:12)
  A great orb of eyes (D:15)
  2 fire dragons
  Josephine (Lair:3)
  2 salamander tyrants (Snake:2)
  Erolcha (Orc:2)
  3 boulder beetles
  A rakshasa (D:15)
  7 hydras
  3 ogre magi
  7 anacondas
  3 naga warriors
  3 catoblepae (Lair:5)
  4 centaur warriors
  3 dancing weapons (D:13)
  4 death yaks (Lair:5)
  9 two-headed ogres
  The ghost of EtherCrawl the Fighter, a novice HOHW of Hepliaklqana (D:9)
  3 tengu warriors
  2 shock serpents
  Amaemon (Lair:3)
  A skeletal warrior (D:14)
  3 salamander mystics
  A death drake (shapeshifter) (D:15)
  A lindwurm (Lair:2)
  3 naga ritualists (Snake:1)
  2 wizards
  An orc knight (D:15)
  Pikel (D:6)
  3 mana vipers (Snake:1)
  7 orc sorcerers
  7 cyclopes
  19 salamanders
  10 ugly things
  5 manticores
  A merfolk siren (Lair:3)
  A torpor snail (Lair:1)
  An orange demon (Lair:3)
  5 naga magi
  16 cane toads
  21 black mambas
  2 gargoyles
  A kobold demonologist (D:9)
  An unseen horror (D:11)
  3 freezing wraiths (D:14)
  6 komodo dragons
  A rime drake (Lair:1)
  A komodo dragon (shapeshifter) (D:11)
  A tengu conjurer (D:13)
  An efreet (D:14)
  A meliai (D:14)
  Grinder (D:5)
  2 trolls
  8 slime creatures
  4 polar bears
  7 blink frogs
  A dream sheep (Lair:5)
  2 vampires
  A shadow (D:7)
  7 wyverns
  4 wraiths
  56 yaks
  7 basilisks
  4 steam dragons
  10 vampire mosquitoes
  Edmund (D:4)
  5 wargs
  An acid dragon (D:11)
  A two-headed ogre zombie (D:15)
  8 nagas
  22 orc warriors
  18 water moccasins
  A sky beast (D:8)
  3 ice beasts
  A black bear (D:5)
  3 boggarts (D:14)
  8 ogres
  A phantom (D:3)
  14 wolves
  4 centaurs
  4 kobold brigands
  A salamander zombie (Snake:2)
  Blork the orc (D:4)
  A gnoll sergeant (D:4)
  4 scorpions
  7 bullfrogs
  2 necrophages (D:7)
  7 wights (D:9)
  5 howler monkeys
  An electric eel (Lair:4)
  21 orc priests
  3 hounds
  2 jellies
  2 hell rats (Lair:5)
  5 iguanas
  33 orc wizards
  Terence (D:2)
  14 adders
  9 gnolls
  2 shadow imps
  3 worms
  A dart slug (D:4)
  70 orcs
  8 endoplasms
  2 giant cockroaches
  2 goblins
  6 hobgoblins
  3 jackals (D:2)
  4 quokkas
  10 ball pythons
  13 bats
  2 frilled lizards (D:2)
  35 kobolds
  7 rats
  A spectral hobgoblin (D:5)
692 creatures vanquished.

Vanquished Creatures (collateral kills)
  Donald (Orc:2)
  Roxanne (Snake:1)
  A fire giant (D:14)
  2 salamander tyrants
  An ogre mage (Orc:2)
  A dancing weapon (D:13)
  A death yak (Lair:5)
  2 naga sharpshooters (Snake:1)
  2 naga ritualists
  3 mana vipers
  2 ugly things
  A salamander (Snake:2)
  A manticore (Lair:5)
  A cyclops (D:14)
  5 black mambas
  3 cane toads
  3 naga magi
  A gargoyle (D:13)
  2 rime drakes
  2 komodo dragons
  A troll (D:12)
  5 blink frogs
  3 slime creatures
  4 dream sheep (Lair:5)
  A ynoxinul (D:9)
  A wraith (Lair:3)
  A basilisk (Lair:2)
  15 yaks
  A vampire mosquito (D:13)
  A warg (Orc:1)
  7 nagas
  5 water moccasins
  2 orc warriors (Orc:2)
  An ogre (D:15)
  A boggart (D:14)
  A centaur (D:15)
  A bullfrog (Lair:3)
  2 orc priests (Orc:1)
  6 orc wizards
  2 hell rats (Lair:5)
  14 orcs
  2 bushes (Lair:4)
  3 butterflies (Lair:5)
116 creatures vanquished.

Vanquished Creatures (others)
  A spectral death yak (D:15)
  A spectral centaur (D:15)
  An anaconda zombie (Snake:2)
  2 ugly thing zombies (D:15)
  A shock serpent zombie (Snake:2)
  A meliai zombie (D:14)
  6 black mamba zombies
  A slime creature zombie (D:14)
  4 yaks (D:12)
  3 salamander zombies
  2 cane toad zombies (Lair:4)
  A spectral black bear (Lair:4)
  2 blink frog zombies (Lair:5)
  A dream sheep zombie (Lair:5)
  A human (D:4)
  A komodo dragon zombie (Lair:5)
  5 vampire mosquito zombies
  A rime drake zombie (Lair:4)
  6 naga zombies
  3 wyvern zombies
  A cyclops zombie (D:13)
  4 water moccasin zombies
  A tengu zombie (D:13)
  A troll zombie (D:13)
  2 polar bear zombies
  11 yak zombies
  4 wolf zombies
  4 centaur zombies
  A basilisk zombie (D:14)
  2 bullfrog zombies
  An ogre zombie (Orc:2)
  2 howler monkey zombies (D:12)
  6 kobold zombies
  32 orc zombies
  31 fungi
  124 plants
271 creatures vanquished.

Grand Total: 1079 creatures vanquished

Notes
Turn   | Place    | Note
-------+----------+-------------------------------------------
     0 | D:1      | MisterFreud the Formicid Gladiator began the quest for the
                  | Orb.
     0 | D:1      | Reached XP level 1. HP: 16/16 MP: 1/1
   218 | D:1      | Reached XP level 2. HP: 12/22 MP: 2/2
  1185 | D:1      | Reached XP level 3. HP: 27/27 MP: 3/3
  1559 | D:2      | Reached skill level 1 in Armour
  1601 | D:2      | Reached XP level 4. HP: 33/33 MP: 4/4
  1611 | D:2      | Found a faded altar of an unknown god.
  1747 | D:2      | You fall into a shaft and drop 1 floor!
  2190 | D:2      | Noticed Terence
  2198 | D:2      | Killed Terence
  2199 | D:2      | Reached skill level 5 in Staves
  2199 | D:2      | Reached XP level 5. HP: 14/38 MP: 5/5
  3191 | D:3      | Found a white marble altar of Elyvilon.
  3987 | D:3      | Reached XP level 6. HP: 19/44 MP: 6/6
  4161 | D:4      | Noticed Eustachio
  4162 | D:4      | Noticed Blork the orc
  4521 | D:4      | Noticed Edmund
  4556 | D:4      | Found a burning altar of Makhleb.
  4869 | D:4      | Reached XP level 7. HP: 20/50 MP: 7/7
  5171 | D:4      | Killed Edmund
  5172 | D:4      | Reached skill level 5 in Armour
  5908 | D:4      | Killed Blork the orc
  5909 | D:4      | Reached skill level 5 in Fighting
  5909 | D:4      | Reached XP level 8. HP: 49/62 MP: 8/8
  6070 | D:4      | Found an ornate altar of the Wu Jian Council.
  6336 | D:4      | Found an ancient bone altar of Kikubaaqudgha.
  6337 | D:4      | Noticed a human
  6339 | D:4      | Killed a human
  6352 | D:4      | You fall into a shaft and drop 1 floor!
  6352 | D:5      | Entered Level 5 of the Dungeon
  6603 | D:4      | You fall into a shaft and drop 2 floors!
  6835 | D:5      | Noticed Grinder
  6992 | D:5      | You fall into a shaft and drop 3 floors!
  7264 | D:8      | Noticed a +0 short sword
  7264 | D:8      | Noticed a +0 short sword
  7264 | D:8      | Noticed a +0 dagger
  7265 | D:8      | Noticed a +0 falchion
  7265 | D:8      | Noticed a +0 spear
  7266 | D:8      | Noticed a +0 dagger
  7267 | D:8      | Noticed a +0 spear
  7267 | D:8      | Noticed a +0 falchion
  7273 | D:8      | Found a hide-covered altar of Uskayaw.
  7365 | D:6      | Found a staircase to the Ecumenical Temple.
  7376 | Temple   | Entered the Ecumenical Temple
  7675 | D:5      | You fall into a shaft and drop 3 floors!
  7836 | D:8      | Reached skill level 1 in Stealth
  8011 | D:7      | Found a blossoming altar of Fedhas.
  8147 | D:7      | Found an iron altar of Okawaru.
  8147 | D:7      | Found a glowing silver altar of Zin.
  8174 | D:7      | Reached XP level 9. HP: 54/68 MP: 9/9
  8179 | D:7      | Found a shimmering blue altar of Sif Muna.
  8281 | D:7      | Found a snail-covered altar of Cheibriados.
  8579 | D:7      | Found Arphaj's Fire Supplies.
  8608 | D:7      | Reached skill level 5 in Throwing
  9079 | D:6      | Found a sacrificial altar of Ru.
  9406 | D:6      | Reached skill level 5 in Stealth
  9536 | D:6      | Noticed Pikel
  9562 | D:6      | Killed Pikel
  9787 | D:6      | Found the +5 glaive of the Guard {elec, spectral, AC+5}
 10029 | D:5      | Reached skill level 1 in Polearms
 10106 | D:5      | Found a basalt altar of Yredelemnul.
 10116 | D:5      | Killed Grinder
 10117 | D:5      | Reached skill level 2 in Polearms
 10117 | D:5      | Reached XP level 10. HP: 57/74 MP: 8/10
 10127 | D:5      | Became a worshipper of Yredelemnul the Dark
 10252 | D:5      | Reached skill level 3 in Polearms
 10456 | D:5      | Reached * piety under Yredelemnul
 10494 | D:5      | Found a hazy altar of Hepliaklqana.
 10718 | D:8      | Reached skill level 4 in Polearms
 10735 | D:8      | Found an opulent altar of Gozag.
 10740 | D:8      | Found an opulent altar of Gozag.
 10740 | D:8      | Found an opulent altar of Gozag.
 10769 | D:8      | Found an opulent altar of Gozag.
 10817 | D:8      | Reached skill level 5 in Polearms
 11264 | D:9      | Reached skill level 6 in Polearms
 11305 | D:9      | Found a runed translucent door.
 11336 | D:9      | Noticed EtherCrawl's ghost (novice HOHW)
 11369 | D:9      | You fall into a shaft and drop 1 floor!
 11369 | D:10     | Entered Level 10 of the Dungeon
 11554 | D:9      | Found Keri's Distillery.
 11557 | D:9      | Bought a potion of curing for 45 gold pieces
 11557 | D:9      | Bought a potion of degeneration for 15 gold pieces
 11576 | D:10     | Reached skill level 7 in Polearms
 11680 | D:9      | Noticed a gargoyle
 11684 | D:9      | Killed a gargoyle
 11806 | D:9      | Reached skill level 8 in Polearms
 11875 | D:9      | Found a radiant altar of Vehumet.
 11903 | D:9      | Reached ** piety under Yredelemnul
 11954 | D:9      | Found Houhitsu's Antique Weapon Shop.
 11962 | D:9      | Reached skill level 9 in Polearms
 11962 | D:9      | Reached XP level 11. HP: 79/79 MP: 11/11
 12030 | D:9      | Reached *** piety under Yredelemnul
 12251 | D:9      | Found a glowing golden altar of the Shining One.
 12482 | D:9      | Killed EtherCrawl's ghost
 12483 | D:9      | Reached skill level 10 in Polearms
 12492 | D:9      | Got Rocigie's Essays on the Mountains
 12784 | D:10     | Reached skill level 11 in Polearms
 12834 | D:10     | Found a staircase to the Lair.
 13025 | D:10     | Reached skill level 12 in Polearms
 13041 | D:10     | Reached **** piety under Yredelemnul
 13323 | D:10     | Reached ***** piety under Yredelemnul
 13583 | Lair:1   | Entered Level 1 of the Lair of Beasts
 13652 | Lair:1   | Reached skill level 1 in Invocations
 13657 | Lair:1   | Noticed a boulder beetle
 13662 | Lair:1   | Reached XP level 12. HP: 85/86 MP: 12/14
 13670 | Lair:1   | Killed a boulder beetle
 13698 | Lair:1   | Reached skill level 5 in Invocations
 13732 | Lair:1   | You fall into a shaft and drop 1 floor!
 13945 | Lair:1   | Identified the ring of Mistrust {rPois rN+ MP+9 Str+4}
 14619 | Lair:1   | Noticed an eight-headed hydra
 14627 | Lair:1   | Killed a 12-headed hydra
 14628 | Lair:1   | Reached skill level 10 in Invocations
 15069 | Lair:2   | Reached skill level 13 in Polearms
 15071 | Lair:2   | Reached XP level 13. HP: 88/93 MP: 20/20
 15095 | Lair:2   | Found a staircase to the Snake Pit.
 15498 | Lair:3   | Reached skill level 1 in Shields
 15638 | Lair:3   | Noticed Josephine
 15646 | Lair:3   | Killed Josephine
 16034 | Lair:3   | Noticed a seven-headed hydra
 16038 | Lair:3   | Noticed Amaemon
 16040 | Lair:3   | Killed a nine-headed hydra
 16047 | Lair:3   | Killed Amaemon
 16198 | Lair:3   | Found a staircase to the Shoals.
 16793 | Lair:4   | Noticed Nessos
 16801 | Lair:4   | Reached skill level 14 in Polearms
 16808 | Lair:4   | Noticed a seven-headed hydra
 16818 | Lair:4   | You fall into a shaft and drop 1 floor!
 16818 | Lair:5   | Entered Level 5 of the Lair of Beasts
 16848 | Lair:5   | Reached XP level 14. HP: 18/106 MP: 7/21
 17439 | Lair:5   | Found a staircase to the Slime Pits.
 17503 | Lair:5   | Reached ****** piety under Yredelemnul
 17644 | Lair:5   | Reached skill level 10 in Fighting
 17644 | Lair:5   | Reached skill level 10 in Armour
 17649 | Lair:5   | Reached skill level 15 in Polearms
 18295 | Lair:5   | Reached skill level 16 in Polearms
 18550 | Lair:5   | Killed Nessos
 19870 | D:11     | Reached XP level 15. HP: 95/115 MP: 20/22
 20433 | D:12     | Noticed Snorg
 20440 | D:12     | Killed Snorg
 20522 | D:12     | Reached skill level 17 in Polearms
 20529 | D:12     | Found a staircase to the Orcish Mines.
 20604 | D:12     | Reached skill level 1 in Evocations
 20904 | D:12     | Reached skill level 5 in Shields
 21263 | D:13     | Found a large runed translucent door.
 21264 | D:13     | Found a large runed translucent door.
 21402 | D:13     | Found a runed translucent door.
 21404 | D:13     | Noticed a tengu reaver
 21406 | D:13     | Noticed Nicoed's ghost (journeyman MiFi)
 21509 | D:13     | You fall into a shaft and drop 2 floors!
 21509 | D:15     | Entered Level 15 of the Dungeon
 21919 | D:15     | Reached skill level 5 in Evocations
 22965 | D:14     | Reached skill level 10 in Shields
 23140 | D:14     | Noticed a fire giant
 23140 | D:14     | Noticed a fire giant
 23523 | D:13     | You fall into a shaft and drop 2 floors!
 23716 | D:15     | Noticed a green very ugly thing
 23720 | D:15     | Reached XP level 16. HP: 121/122 MP: 23/23
 23783 | D:15     | Found a staircase to the Depths.
 23929 | D:14     | Found a broken altar of Ashenzari.
 23933 | D:14     | Found Baj Zily's Distillery.
 23941 | D:14     | Found a gate to the Vaults.
 23943 | D:14     | Bought a potion of heal wounds for 65 gold pieces
 23943 | D:14     | Bought a potion of heal wounds for 65 gold pieces
 23943 | D:14     | Bought a potion of curing for 39 gold pieces
 24085 | D:14     | Reached skill level 10 in Evocations
 24101 | D:14     | Killed a fire giant
 24322 | D:14     | Identified the +3 short sword of the Yoke {drain, Fly rC+
                  | Int+4 Dex+4}
 24326 | D:14     | Identified the +1 swamp dragon scales of Ekahu {rPois rN+
                  | rCorr MP+9 Str+2}
 24405 | D:14     | Killed a fire giant
 24761 | D:14     | Noticed Rupert
 24771 | D:14     | Killed Rupert
 24771 | D:14     | Enslaved Rupert
 25131 | D:14     | Found a portal to a secret trove of treasure.
 26046 | D:13     | Found the +3 salamander hide armour {Flames rF++ rC--}
 26307 | D:13     | Killed Nicoed's ghost
 26314 | D:13     | Killed a tengu reaver
 26870 | Orc:1    | Entered Level 1 of the Orcish Mines
 27056 | Orc:2    | Entered Level 2 of the Orcish Mines
 27775 | Orc:2    | Found a staircase to the Elven Halls.
 28021 | Orc:2    | Noticed Donald
 28030 | Orc:2    | Killed Donald
 28440 | Orc:2    | Found Nepirph's Antique Armour Shoppe.
 28516 | Orc:2    | Bought a pair of glowing boots for 277 gold pieces
 28539 | Orc:2    | Found a radiant altar of Vehumet.
 28540 | Orc:2    | Noticed Erolcha
 28547 | Orc:2    | Killed Erolcha
 28577 | Orc:2    | Found Icuxeolu's Jewellery Shoppe.
 28663 | Orc:2    | Found an ancient bone altar of Kikubaaqudgha.
 28683 | Orc:2    | Found Luqoest's Book Emporium.
 28722 | Orc:2    | Found Xerr's Magic Scroll Shoppe.
 28750 | Orc:2    | Bought a scroll of fear for 48 gold pieces
 28750 | Orc:2    | Bought a scroll of fog for 48 gold pieces
 29266 | Snake:1  | Entered Level 1 of the Snake Pit
 29266 | Snake:1  | Identified Roxanne's Codex of Changing
 29266 | Snake:1  | Noticed Roxanne
 29269 | Snake:1  | Reached XP level 17. HP: 134/134 MP: 24/24
 29285 | Snake:1  | Killed Roxanne
 29571 | Snake:1  | Identified the +4 ring mail of the Thirteen Mice {rF+}
 30929 | Snake:1  | Found Wievuen's Armour Emporium.
 31312 | Snake:2  | Found Erupneu's Weapon Shop.
 31344 | Snake:2  | Reached skill level 15 in Shields
 31433 | Snake:2  | Identified the +7 chain mail of Freedom {Rampage rCorr}
 32050 | Snake:2  | Reached skill level 15 in Fighting
 32072 | Snake:2  | HP: 4/142 [salamander/+3 halberd of venom (15)]
 32072 | Snake:2  | Slain by a salamander

Illustrated notes

Levels and vault maps discovered:
D:1:      spicycebolla_arrival_xxxplode, layout_basic
D:2:      layout_loops_cross, shapermc_ecumenical_altar_starsandcircs,
          hangedman_glass_teeth, uniq_terence
D:3:      layout_basic, mainiacjoe_overflow_paths, portal_sewer_entry_a
D:4:      layout_loops_cross, tgw_kikubaaqudgha, lemuel_doored_altar,
          nzn_wu_jian_contemplation, uniq_eustachio, uniq_blork_the_orc,
          uniq_edmund
D:5:      layout_cave_pods, nicolae_hepliaklqana_monster_ancestors,
          kennysheep_mini_moat, minivault_14, uniq_grinder
D:6:      layout_cave_pods, nicolae_ru_the_path_less_chosen,
          minmay_temple_entry_purple_smoke, roderic_batcave, uniq_pikel
D:7:      layout_basic, lemuel_round_altar, grunt_temple_overflow_cloverleaf,
          nicolae_shop_fire_sale [nicolae_sub_dead_trees]
D:8:      layout_cave_pods, nicolae_uskayaw_en_pointe,
          nicolae_gozag_conspicuous_consumption
D:9:      layout_cave_pods, mainiacjoe_overflow_small_starburst,
          old_standard_altar, hellmonk_ghost_big_iron, serial_column_ruins,
          column_ruins_hut_ruined, column_ruins_open_medium,
          column_ruins_grid_3, column_ruins_open_tiny,
          column_ruins_open_small_water, column_ruins_grid_1,
          column_ruins_grid_3, column_ruins_grid_3, serial_shops,
          nicolae_shop_stone, nicolae_take_the_stairs,
          minmay_fractal_squares_diagonal_5
D:10:     layout_loops_ring, minmay_lair_entry_grove
D:11:     layout_basic, serial_curves, eino_curves_02, eino_curves_04
D:12:     layout_roguey, erik_orc_4, lemuel_flame_loot_1, uniq_snorg
D:13:     doesnt_quadruple_sword, layout_stronghold, ebering_ghost_inner_flame,
          hellmonk_guarded_unrand_salamander
D:14:     minmay_the_grid_plus [minmay_the_grid_outer_diamond,
          minmay_the_grid_broken_lines, minmay_the_grid_doors,
          minmay_the_grid_box_x, minmay_the_grid_prize_diamond_cup],
          layout_loops_ring, enter_trove_3, serial_shops, nicolae_shop_crystal,
          minmay_misc_feat_tiny, ashenzari_conservatory_becter, uniq_rupert
D:15:     gammafunk_enter_depths_forms, layout_basic, nicolae_two_hexagons
Temple:   corrupted_temple
Lair:1:   cheibrodos_lair_river_kwai, layout_loops_ring, lemuel_fruit_fields,
          infiniplex_staircase_pool_2
Lair:2:   layout_roguey, minmay_snake_entry_six_corridors,
          eino_small_chamber_without_monster
Lair:3:   layout_cave_pods, minmay_shoals_entry_lonely_mermaid, st_stairs_4,
          uniq_josephine, uniq_amaemon
Lair:4:   layout_gridlike, serial_forest, infiniplex_forest_diagonal,
          infiniplex_forest_diagonal, infiniplex_forest_zigzag_2,
          infiniplex_forest_lined_4_way, infiniplex_forest_clump_large,
          infiniplex_forest_clump_medium, st_stairs_12, hibernation_bobbens,
          grunt_megastairs_5, infiniplex_staircase_pool, uniq_nessos
Lair:5:   evilmike_catoblepas_cave, layout_hall_layers,
          minmay_slime_entry_oklob_enclosed, grunt_megastairs_2,
          lemuel_fruit_fields
Snake:1:  cheibrodos_snake_ritualist_ritual, layout_onion, serial_shops,
          nicolae_shop_trees, uniq_roxanne
Snake:2:  layout_chambers, serial_shops, shop,
          nicolae_snake_yet_another_twisty_hallway,
          nicolae_snake_salamander_fort, minmay_shoptagon, uniq_aizul
Orc:1:    layout_caves
Orc:2:    kennysheep_orc_mage_school, layout_caves, basic_altar, mines2_lemuel,
          uniq_donald

Skill      XL: |  1  2  3  4  5  6  7  8  9 10 11 12 13 14 15 16 17 |
---------------+----------------------------------------------------+-----
Staves         | 4 5 6 7 9 |  9.9
Armour         | 1 2 4 5 6 8 10 | 10.2
Fighting       | 5 6 8 10 12 15 | 15.0
Throwing       | 4 5 |  5.0
Stealth        | 3 5 |  5.0
Polearms       | 2 9 12 13 14 16 17 | 17.1
Invocations    | 2 10 | 10.0
Shields        | 4 10 13 15 | 15.0
Evocations     | 8 10 | 10.0
Dodging        | |  2.6

Action                   |  1- 3 |  4- 6 |  7- 9 | 10-12 | 13-15 | 16-18 || total
-------------------------+-------+-------+-------+-------+-------+-------++-------
Melee: Quarterstaff      |    76 |   192 |   344 |       |       |       ||   612
       Punch             |       |       |     6 |     2 |       |       ||     8
       Glaive            |       |       |    11 |   265 |   432 |   454 ||  1162
Throw: Throwing net      |       |     2 |       |       |       |       ||     2
       Dart              |       |       |    12 |       |       |       ||    12
Invok: Recall Undead Har |       |       |       |     1 |     3 |     8 ||    12
       Bind Soul         |       |       |       |       |     4 |     2 ||     6
       Drain Life        |       |       |       |       |     1 |     5 ||     6
 Abil: Shaft Self        |       |     2 |     4 |     1 |     2 |       ||     9
       Dig               |       |       |       |       |     1 |       ||     1
Evoke: Wand              |       |       |       |       |     1 |       ||     1
       Tin of tremorston |       |       |       |       |     1 |       ||     1
       Phial of floods   |       |       |       |       |       |     2 ||     2
  Use: Scroll            |     5 |     4 |     5 |     2 |    11 |       ||    27
       Potion            |       |     1 |     1 |       |     3 |       ||     5
 Stab: Sleeping          |     2 |       |       |     3 |     2 |     7 ||    14
       Distracted        |     1 |       |       |     6 |    19 |    15 ||    41
       Petrified         |       |       |       |       |     4 |       ||     4
       Petrifying        |       |       |       |       |     1 |       ||     1
       Paralysed         |       |       |       |       |       |     8 ||     8
       Confused          |       |       |       |       |       |     3 ||     3
Armor: Leather armour    |     9 |       |       |       |       |       ||     9
       Chain mail        |    13 |    98 |       |       |       |    24 ||   135
       Scale mail        |       |       |   158 |    61 |    96 |       ||   315
       Swamp dragon scal |       |       |       |       |       |    60 ||    60
Dodge: Dodged            |    39 |    88 |   198 |    86 |   148 |   105 ||   664
Block: Buckler           |       |       |       |       |    64 |    44 ||   108
       Kite shield       |       |       |       |       |       |   114 ||   114
       Reflection        |       |       |       |       |       |    12 ||    12
